| TOP OF THE 1ST |
|
Toledo Mud Hens batting - Pitching for Tidewater Tides : RHP Gary Sarno
|
|
Pitching: RHP Gary Sarno
|
|
|
Batting: RHB Jarrett Sterner
|
0-0: Ball 1-0: Called Strike 1-1: Ball 2-1: SINGLE (Groundball, 15S, EV 67.5 MPH) (infield hit)
|
|
Batting: RHB Dennis Odom
|
0-0: Foul Ball, location: 2F 0-1: Ball 1-1: Called Strike Jarrett Sterner steals 2nd base 1-2: Ball 2-2: Ball 3-2: Base on Balls
|
|
Batting: SHB Ken Henderson
|
0-0: Called Strike 0-1: Ball 1-1: Swinging Strike 1-2: Ball 2-2: Foul Ball, location: 2F 2-2: Ball 3-2: Fly out, F8 (Flyball, 8RM, EV 81.9 MPH)
|
|
Batting: RHB John Guarino
|
0-0: Ball 1-0: Fly out, F8 (Flyball, 8LD, EV 103.8 MPH)
|
|
Batting: RHB Milt Jefferson
|
0-0: Ball 1-0: Ground out 2-3 (Groundball, 2R, EV 63.8 MPH)
|
| Top of the 1st over - 0 runs, 1 hit, 0 errors, 2 left on base; Toledo 0 - Tidewater 0 |
| BOTTOM OF THE 1ST |
|
Tidewater Tides batting - Pitching for Toledo Mud Hens : RHP Marty Hulse
|
|
Pitching: RHP Marty Hulse
|
|
|
Batting: RHB Anthony Lachowetz
|
0-0: Ball 1-0: Ball 2-0: Ball 3-0: Called Strike 3-1: Base on Balls
|
|
Batting: RHB German Rivera
|
0-0: Called Strike Anthony Lachowetz steals 2nd base 0-1: Ball 1-1: Swinging Strike 1-2: Ball 2-2: Ball 3-2: Ground out 3-1 (Groundball, 34, EV 108.8 MPH) Anthony Lachowetz to third
|
|
Batting: RHB George Gomez
|
0-0: Called Strike 0-1: Ground out 6-3 (Groundball, P, EV 79.4 MPH) Anthony Lachowetz scores
|
|
Batting: LHB Dave Kable
|
0-0: Called Strike 0-1: Ball 1-1: Swinging Strike 1-2: Strikes out swinging
|
| Bottom of the 1st over - 1 run, 0 hits, 0 errors, 0 left on base; Toledo 0 - Tidewater 1 |
| TOP OF THE 2ND |
|
Toledo Mud Hens batting - Pitching for Tidewater Tides : RHP Gary Sarno
|
|
Batting: LHB Ron Diggle
|
0-0: Swinging Strike 0-1: Called Strike 0-2: Ball 1-2: Ball 2-2: Foul Ball, location: 2F 2-2: Ball 3-2: Base on Balls
|
|
Batting: RHB Don Lyle
|
0-0: Ball 1-0: Fly out, F7 (Flyball, 7LM, EV 84.4 MPH)
|
|
Batting: RHB Larry Patterson
|
0-0: Ball 1-0: Ball 2-0: Swinging Strike 2-1: Ball 3-1: SINGLE (Groundball, 56D, EV 95.0 MPH) Ron Diggle to second
|
|
Batting: RHB Bucky Dent
|
0-0: Ball 1-0: Ball 2-0: Ball 3-0: Called Strike 3-1: Base on Balls Ron Diggle to third Larry Patterson to second
|
|
Batting: RHB Jarrett Sterner
|
0-0: Ball 1-0: Fielders Choice at 2nd, 6-4 (Groundball, 56, EV 107.5 MPH) Ron Diggle scores Larry Patterson to third
|
|
Batting: RHB Dennis Odom
|
0-0: Ball 1-0: Foul Ball, location: 2F 1-1: Ball 2-1: Ball 3-1: 3-RUN HOME RUN (Flyball, 78XD, EV 101.3 MPH), Distance : 398 ft
|
|
Batting: SHB Ken Henderson
|
0-0: Ball 1-0: Fly out, F9 (Flyball, 9, EV 82.5 MPH)
|
| Top of the 2nd over - 4 runs, 2 hits, 0 errors, 0 left on base; Toledo 4 - Tidewater 1 |
| BOTTOM OF THE 2ND |
|
Tidewater Tides batting - Pitching for Toledo Mud Hens : RHP Marty Hulse
|
|
Batting: RHB Mike Rex
|
0-0: Swinging Strike 0-1: Ball 1-1: SINGLE (Line Drive, 56D, EV 99.4 MPH)
|
|
Batting: RHB Thomas Walker
|
0-0: Ball 1-0: Ball 2-0: Ball 3-0: Called Strike 3-1: Foul Ball, location: 2F 3-2: Ground out 6-3 (Groundball, 6M, EV 86.3 MPH) Mike Rex to second
|
|
Batting: RHB Juan Garcia
|
0-0: Ball 1-0: Reached on error, E6 (Groundball, 6, EV 102.5 MPH) Mike Rex to third
|
|
Batting: SHB Julio Valdez
|
0-0: Called Strike 0-1: Foul Ball, location: 2F 0-2: Ball 1-2: Fielders Choice at 2nd, 4-6 (Groundball, 4, EV 103.1 MPH) Mike Rex scores
|
|
Batting: RHB Steve Liddle
|
0-0: Called Strike 0-1: Ball 1-1: Called Strike 1-2: Strikes out swinging
|
| Bottom of the 2nd over - 1 run, 1 hit, 1 error, 1 left on base; Toledo 4 - Tidewater 2 |
| TOP OF THE 3RD |
|
Toledo Mud Hens batting - Pitching for Tidewater Tides : RHP Gary Sarno
|
|
Batting: RHB John Guarino
|
0-0: Ball 1-0: Swinging Strike 1-1: Ball 2-1: Swinging Strike 2-2: Strikes out swinging
|
|
Batting: RHB Milt Jefferson
|
0-0: Called Strike 0-1: Foul Ball, location: 2F 0-2: Fly out, F8 (Flyball, 8LD, EV 96.9 MPH)
|
|
Batting: LHB Ron Diggle
|
0-0: Ball 1-0: Ball 2-0: Ball 3-0: Base on Balls
|
|
Batting: RHB Don Lyle
|
0-0: Ball 1-0: Ball 2-0: Called Strike 2-1: Foul Ball, location: 2F 2-2: Fly out, F7 (Flyball, 7, EV 89.4 MPH)
|
| Top of the 3rd over - 0 runs, 0 hits, 0 errors, 1 left on base; Toledo 4 - Tidewater 2 |
| BOTTOM OF THE 3RD |
|
Tidewater Tides batting - Pitching for Toledo Mud Hens : RHP Marty Hulse
|
|
Batting: RHB Anthony Lachowetz
|
0-0: Called Strike 0-1: Called Strike 0-2: Strikes out swinging
|
|
Batting: RHB German Rivera
|
0-0: Fly out, F8 (Flyball, 8RS, EV 94.4 MPH)
|
|
Batting: RHB George Gomez
|
0-0: Called Strike 0-1: Ball 1-1: DOUBLE (Line Drive, 9LS, EV 112.5 MPH)
|
|
Batting: LHB Dave Kable
|
0-0: Ground out 5-3 (Groundball, 56, EV 88.1 MPH)
|
| Bottom of the 3rd over - 0 runs, 1 hit, 0 errors, 1 left on base; Toledo 4 - Tidewater 2 |
| TOP OF THE 4TH |
|
Toledo Mud Hens batting - Pitching for Tidewater Tides : RHP Gary Sarno
|
|
Batting: RHB Larry Patterson
|
0-0: Swinging Strike 0-1: Foul Ball, location: 2F 0-2: Ball 1-2: Foul Ball, location: 2F 1-2: Ball 2-2: DOUBLE (Line Drive, 7LM, EV 96.3 MPH)
|
|
Batting: RHB Bucky Dent
|
0-0: Called Strike 0-1: Ground out 5-3 (Groundball, 56S, EV 68.1 MPH) Larry Patterson to third
|
|
Batting: RHB Jarrett Sterner
|
0-0: Called Strike 0-1: Ball 1-1: Called Strike 1-2: Ball Wild Pitch! Larry Patterson scores 2-2: Ground out 5-3 (Groundball, 56S, EV 62.5 MPH)
|
|
Batting: RHB Dennis Odom
|
0-0: Swinging Strike 0-1: Ball 1-1: Ground out 2-3 (Groundball, 2L, EV 70.0 MPH)
|
| Top of the 4th over - 1 run, 1 hit, 0 errors, 0 left on base; Toledo 5 - Tidewater 2 |
| BOTTOM OF THE 4TH |
|
Tidewater Tides batting - Pitching for Toledo Mud Hens : RHP Marty Hulse
|
|
Batting: RHB Mike Rex
|
0-0: SINGLE (Line Drive, 9S, EV 105.6 MPH)
|
|
Batting: RHB Thomas Walker
|
0-0: Fly out, F5 (Popup, 25F, EV 87.5 MPH)
|
|
Batting: RHB Juan Garcia
|
0-0: Ball 1-0: Ball 2-0: Called Strike 2-1: Called Strike 2-2: SINGLE (Groundball, 4M, EV 98.1 MPH) (infield hit) Mike Rex to second
|
|
Batting: SHB Julio Valdez
|
0-0: Ball 1-0: Fly out, F7 (Flyball, 7, EV 84.4 MPH)
|
|
Batting: RHB Steve Liddle
|
0-0: Called Strike 0-1: Swinging Strike 0-2: Foul Ball, location: 2F 0-2: Ball 1-2: Fly out, F8 (Line Drive, 8RD, EV 100.0 MPH)
|
| Bottom of the 4th over - 0 runs, 2 hits, 0 errors, 2 left on base; Toledo 5 - Tidewater 2 |
| TOP OF THE 5TH |
|
Toledo Mud Hens batting - Pitching for Tidewater Tides : RHP Gary Sarno
|
|
Batting: SHB Ken Henderson
|
0-0: SINGLE (Groundball, 6D, EV 105.0 MPH)
|
|
Pitching: RHP Richard Dierker
|
|
|
Batting: RHB John Guarino
|
0-0: Ball 1-0: Swinging Strike 1-1: Ball 2-1: Foul Ball, location: 2F 2-2: Ball 3-2: Strikes out swinging
|
|
Batting: RHB Milt Jefferson
|
0-0: Called Strike 0-1: Ball 1-1: Foul Ball, location: 2F 1-2: Foul Ball, location: 2F 1-2: Foul Ball, location: 2F 1-2: Ball 2-2: Foul Ball, location: 2F 2-2: Ball Wild Pitch! Ken Henderson to second 3-2: Ground out 5-3 (Groundball, 56S, EV 86.9 MPH)
|
|
Batting: LHB Ron Diggle
|
0-0: Intentional Walk
|
|
Batting: RHB Don Lyle
|
0-0: Ball 1-0: Called Strike 1-1: Ball 2-1: Swinging Strike 2-2: Strikes out looking
|
| Top of the 5th over - 0 runs, 1 hit, 0 errors, 2 left on base; Toledo 5 - Tidewater 2 |
| BOTTOM OF THE 5TH |
|
Tidewater Tides batting - Pitching for Toledo Mud Hens : RHP Marty Hulse
|
|
Batting: RHB Anthony Lachowetz
|
0-0: Swinging Strike 0-1: Ball 1-1: Fly out, F9 (Flyball, 89D, EV 93.8 MPH)
|
|
Batting: RHB German Rivera
|
0-0: Ball 1-0: Swinging Strike 1-1: Swinging Strike 1-2: Strikes out swinging
|
|
Batting: RHB George Gomez
|
0-0: Ball 1-0: Called Strike 1-1: Called Strike 1-2: Foul Ball, location: 2F 1-2: Ball 2-2: Fly out, F7 (Line Drive, 7, EV 87.5 MPH)
|
| Bottom of the 5th over - 0 runs, 0 hits, 0 errors, 0 left on base; Toledo 5 - Tidewater 2 |
| TOP OF THE 6TH |
|
Toledo Mud Hens batting - Pitching for Tidewater Tides : RHP Richard Dierker
|
|
Pitching: LHP Austin Martinelli
|
|
|
Batting: RHB Larry Patterson
|
0-0: Ball 1-0: Called Strike 1-1: Ball 2-1: Called Strike 2-2: Ground out 6-3 (Groundball, 6MS, EV 70.6 MPH)
|
|
Batting: RHB Bucky Dent
|
0-0: Called Strike 0-1: SINGLE (Groundball, 56D, EV 100.6 MPH)
|
|
Batting: RHB Jarrett Sterner
|
0-0: Foul Ball, location: 2F 0-1: Hit by Pitch Bucky Dent to second
|
|
Batting: RHB Dennis Odom
|
0-0: Called Strike 0-1: Ball 1-1: Ball 2-1: Fly out, F8 (Flyball, 78S, EV 81.9 MPH)
|
|
Batting: SHB Ken Henderson
|
0-0: Foul Ball, location: 2F 0-1: Called Strike 0-2: Strikes out swinging
|
| Top of the 6th over - 0 runs, 1 hit, 0 errors, 2 left on base; Toledo 5 - Tidewater 2 |
| BOTTOM OF THE 6TH |
|
Tidewater Tides batting - Pitching for Toledo Mud Hens : RHP Marty Hulse
|
|
Batting: LHB Dave Kable
|
0-0: Called Strike 0-1: Ball 1-1: Swinging Strike 1-2: Ground out 2-3 (Groundball, 15S, EV 65.6 MPH)
|
|
Batting: RHB Mike Rex
|
0-0: Ball 1-0: Ground out 4-3 (Groundball, 4M, EV 103.1 MPH)
|
|
Batting: RHB Thomas Walker
|
0-0: Ball 1-0: Ball 2-0: Ball 3-0: Base on Balls
|
|
Batting: RHB Juan Garcia
|
0-0: Called Strike 0-1: Fielders Choice at 2nd, 6-4 (Groundball, 6, EV 88.1 MPH)
|
| Bottom of the 6th over - 0 runs, 0 hits, 0 errors, 1 left on base; Toledo 5 - Tidewater 2 |
| TOP OF THE 7TH |
|
Toledo Mud Hens batting - Pitching for Tidewater Tides : LHP Austin Martinelli
|
|
Batting: RHB John Guarino
|
0-0: Called Strike 0-1: Fly out, F4 (Popup, 13S, EV 93.1 MPH)
|
|
Batting: RHB Milt Jefferson
|
0-0: Ball 1-0: Swinging Strike 1-1: Ball 2-1: Fly out, F9 (Flyball, 9LM, EV 86.3 MPH)
|
|
Batting: LHB Ron Diggle
|
0-0: Foul Ball, location: 2F 0-1: Foul Ball, location: 2F 0-2: Fly out, F8 (Flyball, 78D, EV 97.5 MPH)
|
| Top of the 7th over - 0 runs, 0 hits, 0 errors, 0 left on base; Toledo 5 - Tidewater 2 |
| BOTTOM OF THE 7TH |
|
Tidewater Tides batting - Pitching for Toledo Mud Hens : RHP Marty Hulse
|
|
Batting: SHB Julio Valdez
|
0-0: Called Strike 0-1: Swinging Strike 0-2: Foul Ball, location: 2F 0-2: Ball 1-2: Strikes out looking
|
|
Batting: RHB Steve Liddle
|
0-0: Called Strike 0-1: Ball 1-1: Ball 2-1: Fly out, F8 (Flyball, 8LXD, EV 100.6 MPH)
|
|
Batting: RHB Anthony Lachowetz
|
0-0: Called Strike 0-1: Ball 1-1: Ground out 6-3 (Groundball, 6S, EV 83.8 MPH)
|
| Bottom of the 7th over - 0 runs, 0 hits, 0 errors, 0 left on base; Toledo 5 - Tidewater 2 |
| TOP OF THE 8TH |
|
Toledo Mud Hens batting - Pitching for Tidewater Tides : LHP Austin Martinelli
|
|
Pitching: LHP Gustavo Santiago
|
|
|
Batting: RHB Don Lyle
|
0-0: Ball 1-0: Ball 2-0: Reached on error, E6 (Groundball, 6, EV 85.0 MPH)
|
|
Batting: RHB Larry Patterson
|
0-0: Ball 1-0: Ball 2-0: Called Strike 2-1: Fly out, F9 (Flyball, 89S, EV 89.4 MPH)
|
|
Batting: RHB Bucky Dent
|
0-0: Foul Ball, location: 9LSF, Error on foul ball, E9 0-1: Fly out, F4 (Flyball, 34D, EV 87.5 MPH)
|
|
Batting: RHB Jarrett Sterner
|
0-0: Ball 1-0: Ball 2-0: Swinging Strike 2-1: Ball 3-1: Foul Ball, location: 2F 3-2: Base on Balls Don Lyle to second
|
|
Batting: RHB Dennis Odom
|
0-0: Ball 1-0: Ball 2-0: Ball 3-0: Called Strike 3-1: Base on Balls Don Lyle to third Jarrett Sterner to second
|
|
Batting: SHB Ken Henderson
|
0-0: Called Strike 0-1: Ball 1-1: Swinging Strike 1-2: Strikes out swinging
|
| Top of the 8th over - 0 runs, 0 hits, 2 errors, 3 left on base; Toledo 5 - Tidewater 2 |
| BOTTOM OF THE 8TH |
|
Tidewater Tides batting - Pitching for Toledo Mud Hens : RHP Marty Hulse
|
|
Batting: RHB German Rivera
|
0-0: Fly out, F6 (Popup, 6MD, EV 66.3 MPH)
|
|
Batting: RHB George Gomez
|
0-0: Ball 1-0: Ball 2-0: Ground out 5-3 (Groundball, 56S, EV 81.9 MPH)
|
|
Batting: LHB Dave Kable
|
0-0: Ball 1-0: SINGLE (Groundball, 56D, EV 101.9 MPH)
|
|
Batting: RHB Mike Rex
|
0-0: Ball 1-0: Ground out 5-3 (Groundball, 56S, EV 86.9 MPH)
|
| Bottom of the 8th over - 0 runs, 1 hit, 0 errors, 1 left on base; Toledo 5 - Tidewater 2 |
| TOP OF THE 9TH |
|
Toledo Mud Hens batting - Pitching for Tidewater Tides : LHP Gustavo Santiago
|
|
Pitching: RHP Salome Barojas
|
|
|
Batting: RHB John Guarino
|
0-0: Ball 1-0: Swinging Strike 1-1: Ball 2-1: SINGLE (Line Drive, 7S, EV 92.5 MPH)
|
|
Batting: RHB Milt Jefferson
|
0-0: Ball 1-0: Ball 2-0: Called Strike 2-1: Foul Ball, location: 2F 2-2: Strikes out swinging
|
|
Batting: LHB Ron Diggle
|
0-0: Fly out, F8 (Flyball, 8LD, EV 96.3 MPH)
|
|
Batting: RHB Don Lyle
|
0-0: Called Strike 0-1: Ball 1-1: Ball 2-1: Called Strike 2-2: Ground out 5-3 (Groundball, 56S, EV 90.0 MPH)
|
| Top of the 9th over - 0 runs, 1 hit, 0 errors, 1 left on base; Toledo 5 - Tidewater 2 |
| BOTTOM OF THE 9TH |
|
Tidewater Tides batting - Pitching for Toledo Mud Hens : RHP Marty Hulse
|
|
Pitching: RHP Mackasey Lee
|
|
|
Batting: RHB Thomas Walker
|
0-0: Ball 1-0: Foul Ball, location: 2F 1-1: Foul Ball, location: 2F 1-2: Ball 2-2: Ball 3-2: Base on Balls
|
|
Batting: RHB Juan Garcia
|
0-0: Called Strike 0-1: Foul Ball, location: 2F 0-2: Ball 1-2: SINGLE (Groundball, 6MD, EV 100.6 MPH) Thomas Walker to second
|
|
Pinch Hitting: LHB Thomas Anderson
|
0-0: Swinging Strike 0-1: Foul Ball, location: 2F 0-2: Ball 1-2: Foul Ball, location: 2F 1-2: Foul Ball, location: 2F 1-2: Strikes out swinging
|
|
Batting: LHB Mike Martin
|
0-0: Ball 1-0: Swinging Strike 1-1: Grounds into double play, 4-6-3 (Groundball, 4, EV 81.3 MPH)
|
| Bottom of the 9th over - 0 runs, 1 hit, 0 errors, 1 left on base; Toledo 5 - Tidewater 2 |
|